Map: Traitor's Exile

Players

JteCreme

  • Race: Terran Terran
  • Spawn Location: 5:00

Rimlare

  • Race: Zerg Zerg
  • Spawn Location: 6:00

Storm - Winner!

  • Race: Protoss Protoss
  • League: Platinum
  • Spawn Location: 12:00

BEERTIME - Winner!

  • Race: Protoss Protoss
  • League: Diamond
  • Spawn Location: 9:00

VOD

Have the link to the VOD?

Description

Time

  • Played on: Sept. 4, 2018, 10:06 p.m.
  • Length: 13:00
Show
View Real Time Build Order
Export as new Build Order

JteCreme Terran 

Build Orders:  

Get SALT Encoding   

  12  0:02  SCV  
  13  0:15  SCV  
  14  0:21  Supply Depot  
  14  0:27  SCV  
  15  0:43  SCV  
  15  0:46  Barracks  
  16  0:55  SCV  
  17  1:07  SCV  
  18  1:15  Barracks  
  18  1:19  SCV  
  19  1:29  Barracks  
  19  1:30  Refinery  
  19  1:33  Orbital Command  
  19  1:39  Marine  
  20  1:57  Marine  
  21  2:15  Marine  
  22  2:18  Marine  
  23  2:24  Supply Depot  
  23  2:43  Barracks Reactor  
  23  2:45  Marine  
  23  2:46  SCV  
  23  2:47  Supply Depot  
  25  2:57  Barracks Tech Lab  
  25  2:58  SCV  
  26  3:14  Barracks Reactor  
  26  3:18  SCV  
  27  3:21  Combat Shield  
  27  3:22  Refinery, Command Center  
  27  3:24  Marine x2  
  29  3:28  Supply Depot  
  29  3:34  Marauder  
  31  3:42  Marine  
  32  3:50  Supply Depot  
  32  3:59  Marine  
  32  4:00  Marauder, Marine  
  32  4:01  Marine x2  
  37  4:10  SCV  
  37  4:22  Marauder  
  37  4:23  SCV  
  40  4:32  Marine x3  
  40  4:35  Orbital Command  
  40  4:37  SCV  
  44  4:43  Marauder  
  46  4:46  Factory  
  46  4:49  SCV  
  46  4:51  Marine  
  46  4:52  Marine  
  49  5:00  Engineering Bay  
  49  5:01  SCV  
  49  5:05  Marauder  
  42  5:36  Orbital Command  
  32  6:25  Engineering Bay  
  31  6:59  SCV x2  
  33  7:11  SCV x2  
  35  7:23  SCV x2  
  37  7:35  SCV x2  
  39  7:45  Barracks Reactor  
  39  7:46  Missile Turret  
  39  7:47  SCV x2, Barracks Reactor  
  41  7:59  SCV x2  
  41  8:03  Marauder  
  45  8:11  SCV  
  45  8:12  SCV  
  47  8:20  Refinery  
  47  8:23  SCV, Marine x2  
  47  8:24  Marauder, SCV, Marine x2  
  55  8:28  Supply Depot  
  55  8:31  Supply Depot  
  55  8:34  Terran Infantry Weapons Level 1  
  55  8:36  SCV x2  
  55  8:40  Refinery  
  57  8:41  Refinery, Marine x3  
  57  8:45  Marauder  
  62  8:52  Marine  
  63  8:59  Marine  
  63  9:02  Command Center  
  64  9:07  Marauder  
  66  9:10  Starport  
  66  9:11  Engineering Bay, SCV x2  
  68  9:23  SCV  
  69  9:26  Marine x2  
  69  9:27  Marine  
  69  9:28  Marauder  
  74  9:34  Missile Turret  
  74  9:40  Supply Depot  
  74  9:44  Terran Infantry Armor Level 1  
  74  9:47  Starport Reactor  
  74  9:50  Marauder  
  76  10:02  Armory  
  76  10:05  SCV x2  
  78  10:07  Marine x4  
  78  10:12  Stimpack  
  82  10:17  Supply Depot, SCV x2  
  84  10:23  Medivac  
  86  10:29  SCV  
  86  10:31  Planetary Fortress  
  87  10:40  Medivac  
  89  10:43  Marine x3  
  92  10:54  SCV x2  
  94  10:57  Missile Turret  
  94  11:05  Marine x3  
  94  11:06  SCV x2  
  94  11:07  Marauder  
  101  11:14  Medivac  
  101  11:15  Medivac  
  101  11:18  SCV  
  106  11:19  Missile Turret  
  106  11:27  SCV x2  
  106  11:30  SCV  
  109  11:40  Missile Turret  
  109  11:44  Command Center  
  109  11:54  Supply Depot  
  109  12:01  SCV  
  109  12:04  SCV x2  
  109  12:05  Medivac  
  108  12:12  Concussive Shells  
  86  12:16  Supply Depot  
  58  12:36  Marine  
  58  12:37  Marauder, Marine x3  
Show
View Real Time Build Order
Export as new Build Order

Rimlare Zerg 

Build Orders: Hatch First 

Get SALT Encoding   

  12  0:01  Drone  
  13  0:11  Drone  
  14  0:19  Overlord  
  14  0:37  Drone x3  
  17  1:03  Hatchery  
  17  1:14  Spawning Pool  
  17  1:15  Drone  
  17  1:22  Extractor  
  16  1:43  Drone  
  16  1:44  Drone  
  16  1:46  Hatchery, Drone  
  18  2:11  Zergling x4  
  18  2:12  Queen  
  22  2:17  Overlord  
  22  2:19  Roach Warren  
  22  2:42  Drone  
  22  2:43  Drone  
  24  2:51  Extractor  
  25  3:05  Roach  
  25  3:06  Roach  
  25  3:12  Hatchery  
  26  3:15  Lair  
  26  3:23  Roach  
  26  3:24  Roach  
  26  3:25  Overlord x2  
  26  3:26  Overlord  
  30  3:44  Evolution Chamber  
  29  3:54  Roach x2  
  33  4:05  Roach  
  33  4:08  Roach x3  
  40  4:31  Queen  
  40  4:34  Drone  
  43  4:40  Glial Reconstitution  
  43  4:46  Zerg Missile Weapons Level 1  
  43  4:50  Drone  
  44  4:56  Drone  
  44  5:15  Roach x3  
  44  5:53  Drone  
  44  5:54  Drone x6  
  44  5:55  Drone  
  50  6:02  Queen  
  42  6:07  Overseer  
  42  6:09  Overseer  
  40  6:12  Roach  
  42  6:24  Roach x2  
  42  6:25  Roach  
  48  6:30  Drone x2  
  50  6:46  Roach x4  
  50  7:00  Drone  
  50  7:01  Drone x2  
  50  7:06  Drone  
  50  7:07  Drone x4  
  51  7:32  Drone  
  51  7:33  Drone x5  
  56  7:44  Extractor, Drone x2  
  56  7:46  Extractor  
  56  8:01  Drone  
  56  8:03  Roach  
  59  8:15  Ravager  
  59  8:17  Overlord x5  
  60  8:28  Hatchery  
  60  8:29  Drone  
  60  8:35  Zerg Missile Weapons Level 2  
  60  8:44  Hydralisk Den  
  59  8:49  Roach  
  59  8:50  Roach x5  
  71  9:12  Queen  
  69  9:26  Pneumatized Carapace  
  69  9:27  Hydralisk  
  69  9:28  Hydralisk x6  
  83  9:33  Muscular Augments  
  83  9:41  Queen  
  85  9:48  Queen  
  85  9:50  Spore Crawler  
  85  9:51  Drone  
  85  9:52  Drone x4  
  91  10:00  Overseer  
  91  10:03  Overseer x2  
  91  10:08  Queen  
  91  10:11  Drone x3  
  96  10:16  Overseer, Queen  
  96  10:21  Hydralisk x2  
  98  10:22  Roach  
  104  10:29  Ravager  
  104  10:30  Ravager  
  106  10:38  Overlord x4  
  106  10:44  Grooved Spines  
  106  10:52  Zerg Ground Armor Level 1  
  106  10:55  Extractor  
  105  10:57  Extractor  
  104  11:05  Hydralisk x3  
  104  11:06  Hydralisk  
  104  11:07  Roach x3  
  104  11:08  Roach  
  120  11:20  Hydralisk, Roach  
  120  11:21  Hydralisk x2, Roach  
  130  11:27  Drone x3  
  130  11:31  Drone x2  
  130  11:32  Drone  
  136  11:39  Ravager  
  137  11:40  Ravager  
  137  11:43  Overlord x3  
  100  12:07  Roach  
  100  12:08  Hydralisk x3, Roach x6  
  81  12:20  Hydralisk x2  
  81  12:21  Roach x3  
Show
View Real Time Build Order
Export as new Build Order

Storm Protoss - Winner!

Build Orders: Dark Templar Rush 

Get SALT Encoding   

  12  0:01  Probe  
  13  0:13  Probe  
  14  0:26  Pylon  
  14  0:28  Probe  
  15  0:44  Probe  
  15  0:45  Gateway  
  16  0:52  Probe  
  17  0:58  Assimilator  
  17  1:00  Probe  
  17  1:02  Pylon  
  18  1:14  Gateway  
  18  1:17  Probe  
  19  1:25  Probe  
  19  1:28  Assimilator  
  20  1:43  Forge  
  20  1:47  Pylon  
  20  1:52  Probe  
  21  2:03  Cybernetics Core  
  21  2:04  Probe  
  22  2:16  Probe  
  23  2:36  Nexus  
  23  2:37  Warp Gate  
  23  2:49  Photon Cannon  
  23  2:55  Twilight Council  
  23  3:01  Probe  
  24  3:13  Probe  
  25  3:23  Robotics Facility  
  25  3:25  Probe  
  26  3:31  Charge  
  26  3:37  Probe  
  26  3:38  Dark Shrine  
  27  3:48  Probe  
  28  3:49  Probe  
  29  4:00  Probe  
  29  4:01  Gateway  
  30  4:10  Warp Prism  
  32  4:23  Photon Cannon  
  32  4:25  Shield Battery  
  32  4:29  Probe x2  
  34  4:41  Probe x2  
  36  4:53  Pylon  
  36  5:08  Dark Templar x2  
  36  5:09  Dark Templar  
  42  5:24  Gateway  
  42  5:25  Probe x2, Gateway  
  42  5:26  Gateway  
  44  5:29  Pylon  
  44  5:31  Pylon  
  44  5:44  Dark Templar x3  
  44  5:48  Shadow Stride  
  50  6:05  Assimilator  
  50  6:09  Assimilator  
  42  6:18  Nexus  
  42  6:27  Dark Templar  
  42  6:30  Zealot  
  38  6:41  Probe  
  38  6:42  Probe  
  40  6:49  Probe  
  40  6:50  Probe  
  40  6:52  Warp Prism  
  40  6:59  Probe x2, Pylon  
  40  7:01  Pylon  
  40  7:03  Pylon  
  40  7:04  Pylon  
  44  7:08  Protoss Ground Weapons Level 1  
  44  7:11  Probe x2  
  46  7:19  Robotics Bay  
  46  7:23  Probe x2  
  48  7:33  Probe  
  48  7:36  Probe  
  50  7:38  Probe  
  50  7:41  Probe  
  51  7:48  Probe  
  51  7:49  Probe  
  51  7:50  Probe  
  54  7:52  Dark Templar x4  
  54  7:53  Assimilator  
  54  7:58  Assimilator  
  57  8:00  Probe  
  56  8:06  Immortal  
  60  8:19  Probe  
  61  8:20  Probe x2  
  63  8:27  Robotics Facility  
  63  8:29  Extended Thermal Lance  
  63  8:36  Immortal  
  63  8:39  Nexus  
  63  8:42  Pylon  
  63  8:43  Pylon  
  67  9:02  Dark Templar x2  
  69  9:03  Dark Templar x2  
  73  9:17  Protoss Ground Weapons Level 2  
  73  9:19  Immortal  
  73  9:30  Zealot x2  
  81  9:35  Colossus  
  81  9:41  Gateway  
  81  9:43  Gateway  
  81  9:45  Gateway  
  81  9:47  Gateway  
  81  9:49  Gateway  
  87  9:55  Probe x4  
  91  10:13  Colossus, Zealot x3  
  97  10:14  Zealot  
  97  10:18  Assimilator  
  99  10:22  Assimilator  
  99  10:25  Pylon  
  99  10:26  Zealot  
  99  10:39  Immortal  
  99  10:40  Zealot x2  
  99  10:41  Zealot x2  
  111  11:01  Stalker  
  111  11:02  Stalker x3  
  111  11:03  Stalker x2  
  123  11:05  Observer  
  124  11:11  Probe  
  124  11:14  Probe  
  124  11:15  Probe x2  
  128  11:19  Probe  
  129  11:26  Probe  
  129  11:27  Probe x2  
  129  11:28  Immortal  
  129  11:32  Zealot x2  
  138  11:34  Sentry x2  
  138  11:38  Probe  
  137  11:59  Zealot x3  
  137  12:00  Zealot x3  
  137  12:01  Zealot x4  
  133  12:06  Colossus  
  129  12:09  Immortal  
  129  12:12  Stalker  
  128  12:16  Gateway  
  128  12:20  Probe  
  126  12:23  Probe x3  
  106  12:44  Zealot x2  
  106  12:45  Zealot x5  
  106  12:46  Zealot x3  
Show
View Real Time Build Order
Export as new Build Order

BEERTIME Protoss - Winner!

Build Orders:  

Get SALT Encoding   

  1  0:00  Probe  
  13  0:07  Probe  
  14  0:19  Pylon  
  14  0:29  Probe  
  15  0:42  Forge  
  15  0:44  Probe  
  16  0:54  Pylon  
  16  1:04  Pylon  
  16  1:06  Probe  
  17  1:16  Assimilator  
  17  1:28  Photon Cannon  
  17  1:29  Probe  
  17  1:32  Gateway  
  17  1:37  Assimilator  
  18  1:43  Photon Cannon  
  18  1:56  Pylon  
  18  2:03  Probe  
  19  2:09  Gateway  
  19  2:15  Probe  
  19  2:16  Photon Cannon  
  20  2:27  Cybernetics Core  
  20  2:28  Probe  
  21  2:46  Probe  
  22  2:56  Protoss Ground Weapons Level 1  
  22  2:58  Probe, Pylon  
  23  3:04  Warp Gate  
  23  3:10  Probe  
  24  3:13  Pylon  
  24  3:27  Photon Cannon  
  23  3:34  Stalker  
  23  3:35  Stalker  
  27  3:41  Probe  
  27  3:42  Shield Battery  
  28  4:10  Nexus  
  28  4:15  Pylon  
  28  4:21  Stalker  
  30  4:38  Gateway  
  30  4:41  Pylon  
  30  5:02  Twilight Council  
  28  5:17  Stalker  
  28  5:18  Shield Battery x2  
  28  5:20  Stalker  
  28  5:41  Stalker x2  
  27  5:53  Stalker  
  25  6:07  Stalker x2  
  29  6:16  Stalker  
  31  6:27  Blink  
  31  6:38  Probe x2  
  31  6:50  Probe, Stalker  
  30  7:13  Probe x2  
  30  7:25  Probe x2  
  26  7:32  Protoss Ground Weapons Level 2  
  24  7:37  Probe x2  
  26  7:46  Assimilator  
  26  7:49  Probe  
  26  7:50  Assimilator  
  27  7:59  Probe  
  27  8:02  Robotics Facility  
  27  8:03  Zealot  
  30  8:09  Zealot  
  32  8:20  Probe x2  
  34  8:27  Zealot  
  34  8:28  Charge, Zealot  
  34  8:30  Stalker  
  40  8:54  Immortal  
  44  8:59  Robotics Bay  
  44  9:02  Probe x2  
  46  9:27  Nexus  
  46  9:34  Robotics Facility  
  46  9:42  Pylon  
  44  9:46  Pylon  
  44  9:47  Stalker  
  46  9:53  Stalker  
  48  10:01  Disruptor  
  48  10:07  Zealot  
  53  10:11  Zealot  
  55  10:17  Pylon  
  55  10:22  Assimilator  
  55  10:26  Assimilator  
  55  10:28  Probe x2  
  57  10:30  Pylon  
  57  10:35  Immortal  
  61  10:44  Immortal  
  65  10:57  Zealot  
  65  10:59  Zealot  
  65  11:02  Probe  
  70  11:04  Probe  
  70  11:06  Probe  
  72  11:24  Immortal  
  76  11:36  Immortal  
  60  12:10  Warp Prism  
  60  12:15  Zealot x3  
  53  12:21  Immortal  
Tags
 
Add a new tag
Caveats
  • Supply blocks, unpowered buildings, or Contaminate may cause inaccurate times.
  • Supply counts are checked every 10 seconds.